 Dungeon Crawl Stone Soup version 0.20-a0-754-g13ddd6e (webtiles) character file.

6 nubinia the Digger (level 1, 0/10 HPs)
             Began as a Gargoyle Earth Elementalist on Feb 25, 2017.
             Slain by a rat (2 damage)
             ... on level 1 of the Dungeon.
             The game lasted 00:01:23 (191 turns).

nubinia the Digger (Gargoyle Earth Elementalist)     Turns: 191, Time: 00:01:24

Health: 0/10       AC:  4    Str: 11    XL:     1   Next: 90%
Magic:  3/3        EV: 12    Int: 15    God:
Gold:   23         SH:  0    Dex: 10    Spells: 3/4 levels left

rFire    . . .     SeeInvis .   f - -3 club (curse)
rCold    . . .     Gourm    .   c - +0 robe
rNeg     + . .     Faith    .   (no shield)
rPois    ∞         Spirit   .   (no helmet)
rElec    +         Reflect  .   (no cloak)
rCorr    .         Harm     .   (no gloves)
MR       .....                  (no boots)
Stlth    ++........             (no amulet)
Regen    0.1/turn               (no ring)
MPRegen  0.1/turn               (no ring)

@: no status effects
A: negative energy resistance 1, electricity resistance, unbreathing,
petrification resistance, rot immunity, AC +2
a: no special abilities


You were on level 1 of the Dungeon.
You were not hungry.

You visited 1 branch of the dungeon, and saw 1 of its levels.

You collected 23 gold pieces.

Inventory:

Hand Weapons
 f - a cursed -3 club (weapon)
Missiles
 b - 44 stones (quivered)
Armour
 c - a +0 robe (worn)
Scrolls
 h - a scroll of enchant weapon {unknown}
Potions
 a - a potion of heal wounds {unknown}
 g - a potion of curing {unknown}
Books
 e - a book of Geomancy

   Spells                             Type                      Level
   a - Sandblast                      Earth                        1
   b - Passwall                       Transmutation/Earth          2
   c - Stone Arrow                    Conjuration/Earth            3
   d - Petrify                        Transmutation/Earth          4
   e - Lee's Rapid Deconstruction     Earth                        5
Comestibles
 d - a bread ration


   Skills:
 + Level 1.5 Dodging
 + Level 2.2 Stealth
 + Level 2.1 Spellcasting
   Level 0.7 Transmutations
 + Level 4.0 Earth Magic


You had 3 spell levels left.
You knew the following spells:

 Your Spells              Type           Power        Failure   Level  Hunger
a - Sandblast             Erth           ##....       4%          1    #......


Dungeon Overview and Level Annotations

Branches:
Dungeon (1/15)

Altars:
Xom


Innate Abilities, Weirdness & Mutations

You are resistant to torment.
Your stone body is resilient. (AC +2)
You are immune to poison.
You resist negative energy. (rN+)
You are resistant to electric shocks. (rElec)
You can survive without breathing.
You are immune to petrification.
You are immune to rotting.


Message History

The kobold hits you.
You barely miss the kobold. The kobold hits you but does no damage.
You barely miss the rat. The rat bites you but does no damage.
The kobold hits you but does no damage.
You barely miss the rat. The rat closely misses you. The kobold misses you.
The rat misses you.
You closely miss the rat. The kobold closely misses you.
The rat closely misses you. The kobold hits you but does no damage.
You closely miss the rat.
The rat twitches its whiskers.
The rat bites you but does no damage. The kobold misses you.
You barely miss the rat. The rat bites you but does no damage.
The kobold hits you but does no damage.
You closely miss the rat. The rat bites you. The kobold misses you.
The rat misses you. The kobold barely misses you.
You closely miss the rat. The rat bites you.
* * * LOW HITPOINT WARNING * * *
The kobold closely misses you.
You hit the rat but do no damage. The rat bites you.
You die...

#.# #.# .!...
#.####.######...##
###.##..............
#......#............
#.####..............
#.####..#####.#...#(
#.##..rg# .# ..#
#.##.#K## .# #
#####.##.#@# .#
#######........r.# ..
.†....#.......†### #.
#####.#.#####........
.
#####.#.##.....###..#
...........##.## #
#####.#.#####.# #
#.#... ..#
..#.......#


You could see a hobgoblin, a kobold and 2 rats.

Vanquished Creatures
  A giant cockroach (D:1)
  A goblin (D:1)
  A hobgoblin (D:1)
  A bat (D:1)
  2 rats (D:1)
6 creatures vanquished.

Notes
Turn   | Place    | Note
-------+----------+-------------------------------------------
     0 | D:1      | nubinia the Gargoyle Earth Elementalist began the quest for the Orb.
     0 | D:1      | Reached XP level 1. HP: 10/10 MP: 3/3
   124 | D:1      | Reached skill level 4 in Earth Magic
   166 | D:1      | Found a shimmering altar of Xom.
   191 | D:1      | Slain by a rat

Vault maps used:
D:1:      dpeg_arrival_prison, xom_teletrap_fun

Skill      XL: |  1 |
---------------+----+-----
Earth Magic    | 4 |  4.0
Dodging        | |  1.5
Stealth        | |  2.2
Spellcasting   | |  2.1
Transmutations | |  0.7

Action                   || total
-------------------------++-------
Melee: Club              ||    17
 Cast: Sandblast         ||     7
Armor: Robe              ||     8
Dodge: Dodged            ||    18
